 Seeded DCSS version 0.30.1-9-gdf580d7c3d (webtiles) character file.

Game seed: 6401102656396219074 (custom seed)

25 CarvArkoylaein the Shield-Bearer (level 2, 29/29 HPs)
             Began as a Troll Fighter on Sept 27, 2023.
             Quit the game on level 1 of the Dungeon.
             The game lasted 00:05:40 (545 turns).

CarvArkoylaein the Shield-Bearer (Troll Fighter)     Turns: 545, Time: 00:05:41

Health: 29/29      AC:  4    Str: 23    XL:     2   Next: 86%
Magic:  1/1        EV:  8    Int:  4    God:
Gold:   102        SH:  7    Dex:  9    Spells: 1/1 levels left

rFire   . .          .
                       - Unarmed
rCold   . . .        b - +0 kite shield
rNeg    . . .        a - +0 robe
rPois   .            (helmet restricted)
rElec   .            (no cloak)
rCorr   .            (gloves unavailable)
SInv    .            (boots unavailable)
Will    .....        (no amulet)
Stlth   +            (no ring)
HPRegen 1.04/turn    (no ring)
MPRegen 0.07/turn

%: no passive effects
@: no status effects
A: large, unfitting armour, claws 3, regeneration 1, shaggy fur 1, tough skin 1
a: no special abilities


You were on level 1 of the Dungeon.
You visited 1 branch of the dungeon, and saw 1 of its levels.

You collected 102 gold pieces.

Inventory:

Armour
 a - a +0 robe (worn)
 b - a +0 kite shield (worn)
Jewellery
 e - a ring of ice
Scrolls
 d - a scroll of amnesia {unknown}
 f - 2 scrolls of identify {unknown}
 i - a scroll of teleportation {unknown}
Potions
 c - a potion of might
 g - a potion of ambrosia {unknown}
 h - a potion of haste {unknown}
 j - a potion of curing {unknown}


   Skills:
 + Level 2.6 Fighting
 - Level 2.4 Dodging
 + Level 3.0 Shields
 * Level 2.8 Unarmed Combat


You had one spell level left.
You didn't know any spells.
Your spell library was empty.

Dungeon Overview and Level Annotations

Branches:
Dungeon (1/15)

Altars:


Innate Abilities, Weirdness & Mutations

You are too large for most types of armour.
You have claws for hands.
Your natural rate of healing is unusually fast.
You are covered in fur. (AC +1)
You have tough skin. (AC +1)


Message History

The endoplasm quivers.
You see here 4 gold pieces.
You claw the endoplasm!
You kill the endoplasm!
You now have 97 gold pieces (gained 4).
A ball python comes into view.
A bat comes into view.
The ball python barely misses you.
You barely miss the ball python. The bat barely misses you.
The ball python bites you but does no damage.
You claw the ball python!
You kill the ball python!
The bat hits you.
Your Shields skill increases to level 3!
You completely miss the bat. You block the bat's attack.
You barely miss the bat. The bat hits you but does no damage.
The bat closely misses you.
You claw the bat!
You kill the bat!
You see here a ball python corpse.
Found a smoky sapphire potion.
Found a scale mail.
h - a smoky sapphire potion
Found a scroll labelled TIETOPR HUBUI and 5 gold pieces.
A rat comes into view.
You block the rat's attack.
You scratch the rat but do no damage. The rat bites you but does no damage.
You scratch the rat but do no damage. The rat bites you.
You claw the rat!
You kill the rat!
i - a scroll labelled TIETOPR HUBUI You now have 102 gold pieces (gained 5).
Found a stone.
Found a bubbling purple potion.
Found a dagger.
j - a bubbling purple potion You see here a stone.
You see here a +0 dagger.
Found a stone staircase leading down.
Are you sure you want to abandon this character and quit the game? (Confirm with "yes".)

.........................######.#
...........................####.#
#..#.............###....##.......
##>.......###..#...........##....
#...#÷......................#.#.#
#.###.##.##...######.#...........
..##..##.##.#.######............#
.###.###.#..#.##.....>...........
####.##..#.##.##@###..........###
...#.#...........###..........# #
...#.##....##.####............##.
...#.##....#.......#.............
...#.##.#........###..........#.#
...#.............# #.............
.....#.##.÷......###.............
##..##.............###....##.#...
#...#...##.......#.........#.#...


There were no monsters in sight!

Vanquished Creatures
  3 ball pythons (D:1)
  2 bats (D:1)
  An endoplasm (D:1)
  A goblin (D:1)
  A hobgoblin (D:1)
  3 jackals (D:1)
  2 quokkas (D:1)
  A kobold (D:1)
  11 rats (D:1)
25 creatures vanquished.

Notes
Turn   | Place    | Note
-------+----------+-------------------------------------------
     0 | D:1      | CarvArkoylaein the Troll Fighter began the quest for the
                  | Orb.
     0 | D:1      | Reached XP level 1. HP: 22/22 MP: 0/0
   140 | D:1      | Reached XP level 2. HP: 29/29 MP: 1/1
   353 | D:1      | Reached skill level 3 in Shields
   545 | D:1      | Quit the game

Illustrated notes

Levels and vault maps discovered:
D:1:      psy_arrival_basics, layout_rooms, minmay_rat_gold_closets

Skill      XL: |  1  2 |
---------------+-------+-----
Shields        | 3 |  3.0
Fighting       | |  2.6
Dodging        | |  2.4
Unarmed Combat | |  2.8

Action                     || total
---------------------------++-------
  Melee: Unarmed           ||    54
   Stab: Sleeping          ||     2
 Armour: Robe              ||    13
  Dodge: Dodged            ||    18
  Block: Kite shield       ||    15
